[Event "Tuesday Night Round Robin Engine Tour 5m+1s Starts at 2200hrs ST"]
[Site "Infinity Chess"]
[Date "2018.1.23"]
[Round "8"]
[White "angriff"]
[Black "incredible"]
[Result "0-1 "]
[ECO "A56"]
[WhiteElo "2424"]
[BlackElo "2445"]
[WhiteEngine "Raubfisch ME262_GTZ16b2_CTG"]
[BlackEngine "stockfish_18012314_x64_bmi2"]
[EventType "Round Robin"]
[WhiteTeam ""]
[BlackTeam ""]
[PlyCount "238"]
[TimeControl "300+1"]

1. d4 Nf6 2. c4 c5 3. d5 d6 4. Nc3 e6 5. e4 g6 6. Nf3 Bg7 7. Bd3 O-O 8. Nd2 a6 
9. a4 a5 10. O-O Na6 11. Nb5 Nc7 12. Nxc7 Qxc7 13. Ra2 Bd7 14. Re1 Rae8 
15. h3 Qd8 16. b3 Nh5 17. Nf3 e5 18. Bg5 Bf6 19. Bc1 Bg7 20. Bc2 b6 21. Bg5 Bf6 
22. Bd2 Nf4 23. Qc1 g5 24. Nh2 h5 25. Nf1 Kh8 26. Ne3 Rg8 27. Kh1 g4 
28. Nf5 Bxf5 29. exf5 g3 30. fxg3 Rxg3 31. Be4 Bh4 32. Rg1 Rg4 33. Bxf4 exf4 
34. Re2 Bg3 35. Qb2+ Kg8 36. Rf1 Rg5 37. Bd3 Rxe2 38. Qxe2 Kg7 39. Bc2 Kf8 
40. Qe4 Qf6 41. Rb1 Rg8 42. Qe2 Rh8 43. Rd1 Kg7 44. Rd2 Qc3 45. Qd1 Re8 
46. Re2 Re3 47. Rxe3 fxe3 48. Kg1 Kf6 49. Kf1 h4 50. Ke2 Bf4 51. Qd3 Qa1 
52. Qd1 Qe5 53. Qd3 Bh6 54. Qd1 Ke7 55. Qf1 Kd8 56. Qe1 Qd4 57. Qd1 Qf4 
58. Qe1 Ke7 59. Kd1 Qd4+ 60. Ke2 Kd8 61. Kf1 Ke7 62. Ke2 Kf8 63. Kf3 Qf4+ 
64. Ke2 Qd4 65. Kf3 Bg5 66. Ke2 Qf4 67. Bd3 Ke7 68. Qf1 Qe5 69. Qc1 Qg3 
70. Qf1 Qe5 71. f6+ Bxf6 72. Qf5 Qb2+ 73. Kxe3 Bd4+ 74. Kf4 Qxb3 75. Qe4+ Kf8 
76. Qf5 Qxa4 77. Qc8+ Ke7 78. Ke4 Be5 79. Ke3 Qd7 80. Qxd7+ Kxd7 81. Bc2 b5 
82. cxb5 c4 83. Bd1 Kc7 84. Be2 c3 85. Bd1 Kb6 86. Ba4 Kc5 87. Kd3 Kxd5 
88. b6 Kc5 89. b7 d5 90. b8=Q Bxb8 91. Kxc3 Be5+ 92. Kc2 Kd4 93. Bc6 Bf4 
94. Kb3 f6 95. Kc2 Bh6 96. Kb3 Bd2 97. Kc2 Bb4 98. Kb3 Ke5 99. Kb2 d4 
100. Kc2 Kf4 101. Kd3 Bc3 102. Ke2 Kg3 103. Kd3 Kf2 104. Kc2 Ke3 105. Ba4 Bd2 
106. Bb5 Bb4 107. Kd1 d3 108. Ba4 Kf2 109. Bd7 d2 110. Bc6 Bc3 111. Bd5 a4 
112. Kc2 Ke1 113. Bf3 a3 114. Kxc3 d1=Q 115. Bxd1 Kxd1 116. Kb3 Ke1 
117. Kxa3 Kf1 118. g3 hxg3 119. h4 Ke2 0-1

[Event "Tuesday Night Round Robin Engine Tour 5m+1s Starts at 2200hrs ST"]
[Site "Infinity Chess"]
[Date "2018.1.23"]
[Round "7"]
[White "MarioDeMonti"]
[Black "BraveDevil"]
[Result "1/2-1/2"]
[ECO "C55"]
[WhiteElo "2476"]
[BlackElo "2447"]
[WhiteEngine "stockfish_x64_bmi2_2018_01_13_CTG"]
[BlackEngine "Cryptic AIL V2"]
[EventType "Round Robin"]
[WhiteTeam ""]
[BlackTeam ""]
[PlyCount "142"]
[TimeControl "300+1"]

1. e4 e5 2. Nf3 Nc6 3. Bc4 Nf6 4. d3 Be7 5. O-O O-O 6. Re1 d6 7. a4 Be6 
8. Nbd2 a5 9. c3 Nd7 10. h3 Bf6 11. b3 Nb6 12. Bxe6 fxe6 13. Nf1 Qe8 14. Ra2 Be7 
15. Ng3 Qg6 16. Ba3 Rae8 17. Rc2 Rf7 18. d4 Ref8 19. dxe5 Nxe5 20. Nxe5 dxe5 
21. Bxe7 Rxe7 22. Nf1 Rd7 23. Rd2 Qe8 24. Ne3 Qe7 25. Rxd7 Nxd7 26. Qc2 Qc5 
27. Kh2 Nb6 28. Qd2 Qd6 29. Qc2 Qc6 30. Rd1 Nc8 31. Qd3 Nd6 32. f3 Rb8 
33. Ng4 Qb6 34. Qc2 Nf7 35. h4 h5 36. Nf2 Rd8 37. Rxd8+ Nxd8 38. Nh3 Nf7 
39. Qd3 Qc6 40. Ng5 b6 41. Nh3 g6 42. Nf2 Qc5 43. Qd2 Qe7 44. Kg3 Qa3 
45. Qc2 Qe7 46. Nh3 Qd6 47. Qc1 Kg7 48. Ng5 Nxg5 49. Qxg5 Qc5 50. Qc1 Qe7 
51. Kh3 Qc5 52. Qg5 Kf7 53. Qd2 Qa3 54. Qd7+ Qe7 55. Qxe7+ Kxe7 56. Kg3 c6 
57. b4 axb4 58. cxb4 Kd6 59. f4 exf4+ 60. Kxf4 e5+ 61. Ke3 b5 62. axb5 cxb5 
63. g4 Kd7 64. g5 Kd6 65. Kd2 Kc6 66. Ke3 Kc7 67. Kd2 Kc6 68. Ke2 Kd7 
69. Kf3 Ke6 70. Ke2 Kd7 71. Kd2 Kc6 1/2-1/2

[Event "Tuesday Night Round Robin Engine Tour 5m+1s Starts at 2200hrs ST"]
[Site "Infinity Chess"]
[Date "2018.1.23"]
[Round "7"]
[White "Cepri"]
[Black "KhalidOmar"]
[Result "1/2-1/2"]
[ECO "C55"]
[WhiteElo "2466"]
[BlackElo "2559"]
[WhiteEngine "asmFishW_12J18Mb_CTG"]
[BlackEngine "Eman 1.67 64-bit BMI2"]
[EventType "Round Robin"]
[WhiteTeam ""]
[BlackTeam ""]
[PlyCount "92"]
[TimeControl "300+1"]

1. e4 e5 2. Nf3 Nc6 3. Bc4 Nf6 4. d3 Bc5 5. O-O a5 6. c3 d6 7. Bg5 O-O 8. a4 h6 
9. Bh4 g5 10. Bg3 Kg7 11. Nbd2 Ba7 12. Re1 Ng8 13. h3 h5 14. Nf1 Nh6 15. d4 g4 
16. Bh4 f6 17. N3h2 Qe8 18. Ne3 gxh3 19. gxh3 exd4 20. Nd5 Ne5 21. Nxc7 Qg6+ 
22. Kh1 Bxh3 23. Ne6+ Bxe6 24. Bxe6 Kh7 25. cxd4 Rg8 26. Bh3 Nc6 27. Nf3 Rae8 
28. d5 Ne5 29. Bg3 Nxf3 30. Qxf3 Ng4 31. Re2 Qg5 32. Rf1 Rg7 33. Qd3 Kh8 
34. f4 Qg6 35. Qf3 Bc5 36. Bh4 Kg8 37. b3 Kh7 38. Rfe1 Bb4 39. Rc1 Bc5 
40. Bg2 Kh8 41. Bh3 Kh7 42. Qd3 Kg8 43. Rf1 Bb4 44. Rc1 Bc5 45. Rf1 Rc8 
46. Rc1 Re8 1/2-1/2

[Event "Tuesday Night Round Robin Engine Tour 5m+1s Starts at 2200hrs ST"]
[Site "Infinity Chess"]
[Date "2018.1.23"]
[Round "7"]
[White "KULLANI"]
[Black "SkyPilot"]
[Result "1/2-1/2"]
[ECO "C55"]
[WhiteElo "2493"]
[BlackElo "2521"]
[WhiteEngine "BrainFish_180113_x64_CTG"]
[BlackEngine "stockfish_x64_bmi2_2018_01_13_CTG"]
[EventType "Round Robin"]
[WhiteTeam ""]
[BlackTeam ""]
[PlyCount "106"]
[TimeControl "300+1"]

1. e4 e5 2. Nf3 Nc6 3. Bc4 Nf6 4. d3 Bc5 5. c3 d6 6. O-O O-O 7. Bg5 h6 8. Bh4 a6 
9. Re1 g5 10. Bg3 Ba7 11. Nbd2 Nh7 12. h3 h5 13. d4 g4 14. hxg4 hxg4 15. Bh4 Qd7 
16. Nh2 Kh8 17. Be2 Rg8 18. Nb3 Qe6 19. Bxg4 Rxg4 20. Qxg4 Qxg4 21. Nxg4 Bxg4 
22. d5 Nd8 23. c4 Bd7 24. Rac1 Kg7 25. c5 f6 26. f3 f5 27. exf5 Bxf5 28. g4 Bd3 
29. Kg2 Nf7 30. cxd6 cxd6 31. Rc3 Bb5 32. Rc7 Nf6 33. Bxf6+ Kxf6 34. f4 exf4 
35. Re6+ Kg7 36. a4 Bxa4 37. Nd2 Be3 38. b3 Bxd2 39. bxa4 Rb8 40. Kf3 Ba5 
41. Rd7 Bd8 42. Kxf4 Kf8 43. Kf5 Bh4 44. g5 Bxg5 45. Kg6 Ne5+ 46. Rxe5 dxe5 
47. Kxg5 e4 48. Kf4 b5 49. axb5 e3 50. Kxe3 axb5 51. d6 b4 52. Rc7 b3 53. d7 Rd8 
1/2-1/2

[Event "Tuesday Night Round Robin Engine Tour 5m+1s Starts at 2200hrs ST"]
[Site "Infinity Chess"]
[Date "2018.1.23"]
[Round "7"]
[White "RonWeasley"]
[Black "Eman"]
[Result "1/2-1/2"]
[ECO "C55"]
[WhiteElo "2499"]
[BlackElo "2512"]
[WhiteEngine "BrainFish 130117_CTG"]
[BlackEngine "Eman 1.67 64-bit POPCNT"]
[EventType "Round Robin"]
[WhiteTeam ""]
[BlackTeam ""]
[PlyCount "128"]
[TimeControl "300+1"]

1. e4 e5 2. Nf3 Nc6 3. Bc4 Nf6 4. d3 Bc5 5. c3 a5 6. Bg5 h6 7. Bh4 g5 8. Bg3 d6 
9. O-O O-O 10. a4 Kg7 11. Na3 Ne7 12. d4 exd4 13. e5 dxe5 14. Bxe5 Nc6 
15. cxd4 Nxe5 16. dxe5 Nh5 17. g3 Bh3 18. Re1 Qxd1 19. Rexd1 Rad8 20. Be2 Kg8 
21. Nb5 c6 22. Nd6 Bxd6 23. Rxd6 Rxd6 24. exd6 Nf6 25. Ne5 Re8 26. f4 gxf4 
27. gxf4 Be6 28. Bc4 Nd5 29. Rd1 Rd8 30. f5 Bxf5 31. Bxd5 cxd5 32. Rxd5 Bc2 
33. Kf2 f6 34. Ng4 Kg7 35. Ne3 Bxa4 36. Rxa5 Bc6 37. Nf5+ Kf7 38. Nxh6+ Ke6 
39. Nf5 Bd7 40. h4 b6 41. Nd4+ Kxd6 42. Ra1 Rh8 43. Nf3 Rh5 44. Rd1+ Ke7 
45. Rd4 b5 46. Ke3 Bc6 47. Rf4 Bxf3 48. Kxf3 Rh8 49. Kg4 Ke6 50. Re4+ Kf7 
51. Kh3 Rd8 52. Rf4 Rc8 53. Rf5 Rc2 54. Rxb5 Kg6 55. b3 Rd2 56. h5+ Kh6 
57. Kg4 Rg2+ 58. Kf3 Rh2 59. b4 Rh4 60. Ra5 f5 61. b5 Rxh5 62. b6 Rh3+ 
63. Kg2 Rb3 64. Rxf5 Rxb6 1/2-1/2

[Event "Tuesday Night Round Robin Engine Tour 5m+1s Starts at 2200hrs ST"]
[Site "Infinity Chess"]
[Date "2018.1.23"]
[Round "7"]
[White "Victorious"]
[Black "angriff"]
[Result "1/2-1/2"]
[ECO "B00"]
[WhiteElo "2507"]
[BlackElo "2421"]
[WhiteEngine "asmFishW_2017-11-19_popcnt"]
[BlackEngine "Raubfisch ME262_GTZ16b2_CTG"]
[EventType "Round Robin"]
[WhiteTeam ""]
[BlackTeam ""]
[PlyCount "43"]
[TimeControl "300+1"]

1. e4 Nc6 2. Nf3 e5 3. Bc4 Nf6 4. d3 Bc5 5. O-O d6 6. c3 O-O 7. Bg5 a5 8. Re1 h6 
9. Bh4 g5 10. Bg3 g4 11. d4 exd4 12. cxd4 Bb6 13. d5 Ne7 14. Nh4 Nh5 15. Qd2 Ng6 
16. Qxh6 Nxg3 17. Nxg6 fxg6 18. Qxg6+ Kh8 19. Qh6+ Kg8 20. Qg6+ Kh8 21. Qh6+ Kg8 
22. Qg6+ 1/2-1/2

[Event "Tuesday Night Round Robin Engine Tour 5m+1s Starts at 2200hrs ST"]
[Site "Infinity Chess"]
[Date "2018.1.23"]
[Round "6"]
[White "Eman"]
[Black "Victorious"]
[Result "1/2-1/2"]
[ECO "D31"]
[WhiteElo "2512"]
[BlackElo "2507"]
[WhiteEngine "Eman 1.67 64-bit POPCNT"]
[BlackEngine "asmFishW_2017-11-19_popcnt"]
[EventType "Round Robin"]
[WhiteTeam ""]
[BlackTeam ""]
[PlyCount "112"]
[TimeControl "300+1"]

1. d4 d5 2. c4 e6 3. Nc3 c6 4. Nf3 Nf6 5. e3 Nbd7 6. Qc2 Bd6 7. Bd3 dxc4 
8. Bxc4 O-O 9. O-O b5 10. Bd3 Bb7 11. e4 e5 12. h3 exd4 13. Nxd4 Nc5 14. Rd1 Qc7 
15. Bg5 Bh2+ 16. Kh1 Be5 17. Nf3 h6 18. Bh4 Bxc3 19. bxc3 Nh5 20. Nd4 Rfe8 
21. f3 Ng3+ 22. Kg1 Qf4 23. Bxg3 Qxg3 24. Qf2 Qc7 25. Nf5 Nxd3 26. Rxd3 Red8 
27. Rxd8+ Rxd8 28. Qc5 Qb6 29. Qxb6 axb6 30. e5 Bc8 31. Ne7+ Kf8 32. Nxc6 Rd3 
33. Rb1 Bd7 34. Nd4 Rxc3 35. Nxb5 Rc5 36. Nd4 Rxe5 37. Rxb6 Ra5 38. Rb7 Ke8 
39. Rb2 Ke7 40. Kf2 Ra3 41. Ke2 Kf6 42. Kf2 g5 43. Ke2 h5 44. Kd2 Ke5 45. Ne2 g4 
46. fxg4 hxg4 47. hxg4 Bxg4 48. Nc3 Be6 49. g3 Bc4 50. Rb7 f5 51. Re7+ Be6 
52. Rc7 Bxa2 53. Nxa2 Rxa2+ 54. Ke3 Ra3+ 55. Kf2 f4 56. g4 Ra2+ 1/2-1/2

[Event "Tuesday Night Round Robin Engine Tour 5m+1s Starts at 2200hrs ST"]
[Site "Infinity Chess"]
[Date "2018.1.23"]
[Round "6"]
[White "SkyPilot"]
[Black "RonWeasley"]
[Result "1/2-1/2"]
[ECO "C11"]
[WhiteElo "2522"]
[BlackElo "2498"]
[WhiteEngine "stockfish_x64_bmi2_2018_01_13_CTG"]
[BlackEngine "BrainFish 130117_CTG"]
[EventType "Round Robin"]
[WhiteTeam ""]
[BlackTeam ""]
[PlyCount "59"]
[TimeControl "300+1"]

1. e4 e6 2. d4 d5 3. Nc3 Nf6 4. e5 Nfd7 5. f4 c5 6. Nf3 Nc6 7. Be3 cxd4 
8. Nxd4 Qb6 9. a3 Bc5 10. Ncb5 a6 11. Nxc6 axb5 12. Bxc5 Nxc5 13. Nd4 O-O 
14. Bxb5 Bd7 15. Bxd7 Nxd7 16. b3 f6 17. exf6 Nxf6 18. O-O Ne4 19. Qd3 g5 
20. c4 Rxf4 21. Rxf4 gxf4 22. cxd5 exd5 23. Rd1 Rxa3 24. Qf3 Ra1 25. Qg4+ Kf7 
26. Qxf4+ Kg8 27. Qb8+ Kf7 28. Qf4+ Kg8 29. Qb8+ Kf7 30. Qf4+ 1/2-1/2

[Event "Tuesday Night Round Robin Engine Tour 5m+1s Starts at 2200hrs ST"]
[Site "Infinity Chess"]
[Date "2018.1.23"]
[Round "6"]
[White "KhalidOmar"]
[Black "KULLANI"]
[Result "1/2-1/2"]
[ECO "D31"]
[WhiteElo "2562"]
[BlackElo "2490"]
[WhiteEngine "Eman 1.67 64-bit BMI2"]
[BlackEngine "BrainFish_180113_x64_CTG"]
[EventType "Round Robin"]
[WhiteTeam ""]
[BlackTeam ""]
[PlyCount "116"]
[TimeControl "300+1"]

1. d4 d5 2. c4 e6 3. Nc3 c6 4. Nf3 Nf6 5. Bg5 h6 6. Bxf6 Qxf6 7. e3 Nd7 
8. Bd3 dxc4 9. Bxc4 g6 10. O-O Bg7 11. e4 e5 12. Re1 O-O 13. d5 Rd8 14. a3 Nc5 
15. Qc2 Bg4 16. b4 Nd7 17. Nd2 Nb6 18. h3 Bd7 19. Re3 Qd6 20. dxc6 Qxc6 
21. Bb3 a5 22. Qa2 Be6 23. bxa5 Rxa5 24. Bxe6 fxe6 25. Nb3 Raa8 26. Qe2 h5 
27. Rf3 Bh6 28. Rd1 Rxd1+ 29. Qxd1 Nc4 30. a4 Nb2 31. Qa1 Nxa4 32. Nxa4 Rxa4 
33. Qxe5 Bg7 34. Qb8+ Kh7 35. Rf7 Kh6 36. Qf4+ g5 37. Rf6+ Bxf6 38. Qxf6+ Kh7 
39. Qe7+ Kg6 40. Nc5 Rxe4 41. Nxe4 Qxe4 42. Qe8+ Kh6 43. Qh8+ Kg6 44. Qe8+ Kh6 
45. Qf8+ Kg6 46. Qg8+ Kf6 47. Qf8+ Ke5 48. Qe7 Kd4 49. Qb4+ Ke5 50. Qe7 g4 
51. hxg4 hxg4 52. Qc5+ Qd5 53. Qb4 b5 54. Qxg4 Qc4 55. Qxc4 bxc4 56. Kf1 c3 
57. Ke1 Kd4 58. Kd1 Kd3 1/2-1/2

[Event "Tuesday Night Round Robin Engine Tour 5m+1s Starts at 2200hrs ST"]
[Site "Infinity Chess"]
[Date "2018.1.23"]
[Round "6"]
[White "BraveDevil"]
[Black "Cepri"]
[Result "1/2-1/2"]
[ECO "C24"]
[WhiteElo "2446"]
[BlackElo "2467"]
[WhiteEngine "Cryptic AIL V2"]
[BlackEngine "asmFishW_12J18Mb_CTG"]
[EventType "Round Robin"]
[WhiteTeam ""]
[BlackTeam ""]
[PlyCount "96"]
[TimeControl "300+1"]

1. e4 e5 2. Bc4 Nf6 3. d3 c6 4. Bb3 d5 5. Nf3 a5 6. a4 Bb4+ 7. c3 Bd6 
8. exd5 cxd5 9. Bg5 Be6 10. O-O Nbd7 11. Bh4 h6 12. Na3 O-O 13. Nb5 Bb8 
14. Nd2 Re8 15. Re1 Ra6 16. Nf1 Nc5 17. Bc2 d4 18. Qd2 Bd7 19. cxd4 exd4 
20. Nxd4 Rxe1 21. Rxe1 Nxa4 22. Ne3 Bf4 23. Nf3 Nxb2 24. Bb3 a4 25. Qxb2 axb3 
26. Qxb3 Rb6 27. Qc3 Be6 28. Nc4 Bxc4 29. dxc4 Bc7 30. Qd4 Kh7 31. Qc3 Qd7 
32. Bg3 Bxg3 33. hxg3 Ng4 34. Ne5 Nxe5 35. Rxe5 Rc6 36. Qc2+ g6 37. Qe2 Qd4 
38. Re7 Kg7 39. Rxb7 Rxc4 40. g4 Qa1+ 41. Kh2 Qd4 42. Qf3 Qe5+ 43. g3 Qe6 
44. Kg2 Rxg4 45. Qc3+ Kh7 46. Qf3 Kg7 47. Qc3+ Kh7 48. Qf3 Kg7 1/2-1/2

[Event "Tuesday Night Round Robin Engine Tour 5m+1s Starts at 2200hrs ST"]
[Site "Infinity Chess"]
[Date "2018.1.23"]
[Round "6"]
[White "Dovahkiin"]
[Black "MarioDeMonti"]
[Result "1/2-1/2"]
[ECO "A00"]
[WhiteElo "2453"]
[BlackElo "2477"]
[WhiteEngine "BrainFish_180113_x64_modern_CTG"]
[BlackEngine "stockfish_x64_bmi2_2018_01_13_CTG"]
[EventType "Round Robin"]
[WhiteTeam ""]
[BlackTeam ""]
[PlyCount "97"]
[TimeControl "300+1"]

1. e3 e5 2. e4 Nf6 3. Nc3 Bc5 4. Bc4 c6 5. Nf3 d6 6. d3 O-O 7. a4 Re8 
8. O-O Nbd7 9. h3 h6 10. Be3 a5 11. Bxc5 Nxc5 12. Re1 Be6 13. Bxe6 Nxe6 
14. b3 Qb6 15. Ne2 g6 16. Qc1 Kg7 17. Qb2 Qa7 18. Nd2 b5 19. b4 Reb8 
20. axb5 Rxb5 21. Qc3 Qc7 22. bxa5 Rc5 23. Qb2 Raxa5 24. Rxa5 Rxa5 25. Nc4 Rb5 
26. Qa1 Rc5 27. Rb1 Nxe4 28. Qa6 Rb5 29. Rxb5 cxb5 30. Qxb5 Nf6 31. c3 h5 
32. d4 exd4 33. cxd4 h4 34. d5 Nc5 35. Qb6 Qxb6 36. Nxb6 g5 37. Nc4 Nxd5 
38. Nxd6 Nd3 39. g3 hxg3 40. fxg3 Kf6 41. Kg2 Ke6 42. Nc4 Ne7 43. Kf3 Ne5+ 
44. Nxe5 Kxe5 45. h4 gxh4 46. gxh4 Kf5 47. Ng3+ Ke5 48. Kg4 Nd5 49. h5 1/2-1/2

[Event "Tuesday Night Round Robin Engine Tour 5m+1s Starts at 2200hrs ST"]
[Site "Infinity Chess"]
[Date "2018.1.23"]
[Round "6"]
[White "incredible"]
[Black "OlivierEvan"]
[Result "0-1 "]
[ECO "D31"]
[WhiteElo "2478"]
[BlackElo "2489"]
[WhiteEngine "stockfish_18012314_x64_bmi2"]
[BlackEngine "Houdini 6"]
[EventType "Round Robin"]
[WhiteTeam ""]
[BlackTeam ""]
[PlyCount "236"]
[TimeControl "300+1"]

1. d4 d5 2. c4 e6 3. Nc3 c6 4. Nf3 Nf6 5. Bg5 h6 6. Bxf6 Qxf6 7. e3 Nd7 
8. Bd3 dxc4 9. Bxc4 g6 10. O-O Bg7 11. e4 e5 12. d5 Nb6 13. Nd2 O-O 14. Bb3 h5 
15. Qe2 Bg4 16. f3 Bd7 17. Qf2 Qe7 18. Nc4 Nxc4 19. Bxc4 Qb4 20. Bb3 Rfd8 
21. Rad1 a5 22. dxc6 bxc6 23. Qh4 Qb6+ 24. Qf2 Qc7 25. Na4 Be8 26. Qb6 Rdc8 
27. Rf2 Bh6 28. Kf1 Qb8 29. Rc2 Bf8 30. Bc4 Kg7 31. Qxb8 Raxb8 32. Ke2 Be7 
33. Ke3 Rd8 34. Rxd8 Bxd8 35. Bd3 Bc7 36. b3 Kf6 37. g3 Ra8 38. Ke2 Ke7 
39. Ke1 Rd8 40. Ke2 Rc8 41. Nb2 Bd7 42. Na4 h4 43. Ba6 Rh8 44. g4 Bd6 
45. Kf1 Ra8 46. Bd3 f6 47. Ke2 Bc7 48. Rc1 g5 49. Rc5 Bd6 50. Rc2 Bb4 
51. Nb6 Rb8 52. Nc4 Be6 53. Ne3 Kd6 54. Bc4 Bd7 55. Bf7 Rf8 56. Bc4 Ra8 
57. Nf5+ Bxf5 58. exf5 Bc5 59. Be6 h3 60. a4 Rh8 61. Kd3 Rd8 62. Ke2 Bg1 
63. Rc1 Bd4 64. Rd1 Kc5 65. Rc1+ Kb6 66. Bc4 e4 67. Rd1 exf3+ 68. Kxf3 Kc5 
69. Rd3 Re8 70. Be6 Be5 71. Ke4 Rh8 72. Rd2 Kb4 73. Bc4 Bc7 74. Re2 Re8+ 
75. Be6 Rd8 76. Re3 Rh8 77. Re2 Bb6 78. Bd7 Rd8 79. Bxc6 Rd4+ 80. Kf3 Bc7 
81. Bb5 Kxb3 82. Re4 Rb4 83. Re3+ Kc2 84. Ke2 Bxh2 85. Rxh3 Be5 86. Bc6 Rxg4 
87. Bb5 Re4+ 88. Re3 Rh4 89. Bc6 Rb4 90. Bb5 g4 91. Kf1 Rf4+ 92. Kg2 Kd1 
93. Rd3+ Kc1 94. Rg3 Kb2 95. Kh1 Kc2 96. Kg1 Kd2 97. Kg2 Kc1 98. Re3 Rxf5 
99. Re4 g3 100. Re1+ Kd2 101. Re2+ Kd1 102. Ra2 Rf4 103. Bc6 Rb4 104. Bd7 Rh4 
105. Kf3 Rf4+ 106. Ke3 Rb4 107. Be6 Kc1 108. Kf3 Rf4+ 109. Kg2 Re4 110. Bf5 Rh4 
111. Be6 Kd1 112. Kf3 Rf4+ 113. Ke3 Kc1 114. Re2 Rxa4 115. Bf5 Ra3+ 116. Ke4 a4 
117. Kd5 Rf3 118. Be6 Rf2 0-1

[Event "Tuesday Night Round Robin Engine Tour 5m+1s Starts at 2200hrs ST"]
[Site "Infinity Chess"]
[Date "2018.1.23"]
[Round "6"]
[White "angriff"]
[Black "star99"]
[Result "1/2-1/2"]
[ECO "D30"]
[WhiteElo "2420"]
[BlackElo "2447"]
[WhiteEngine "Raubfisch ME262_GTZ16b2_CTG"]
[BlackEngine "Cryptic AIL V2"]
[EventType "Round Robin"]
[WhiteTeam ""]
[BlackTeam ""]
[PlyCount "138"]
[TimeControl "300+1"]

1. d4 d5 2. c4 e6 3. Nf3 Nf6 4. g3 Be7 5. Bg2 O-O 6. O-O dxc4 7. Qc2 a6 
8. a4 Bd7 9. Qxc4 Bc6 10. Bg5 Bd5 11. Qd3 c5 12. Nc3 Bc6 13. Bxf6 Bxf6 
14. Ne4 Bxe4 15. Qxe4 Nd7 16. Qxb7 cxd4 17. Rac1 Rb8 18. Qxa6 Rxb2 19. Rfd1 Nb8 
20. Qa7 Rb6 21. Qa5 g6 22. Qc5 Ra6 23. Qb5 Rb6 24. Qc5 Ra6 25. Qb4 Nc6 
26. Qb5 Rb6 27. Qc5 Qb8 28. Nd2 d3 29. a5 Ra6 30. exd3 Nxa5 31. d4 Nb3 
32. Nxb3 Qxb3 33. d5 exd5 34. Bxd5 Qa4 35. Rd3 Kg7 36. Bb3 Qg4 37. Qc7 Qf5 
38. Rcd1 Ra1 39. Rd7 Rxd1+ 40. Bxd1 h5 41. Bc2 Qe6 42. Bd3 Re8 43. Bc4 Qe1+ 
44. Kg2 Qe4+ 45. f3 Qc2+ 46. Kh3 Qf5+ 47. Kg2 Qc2+ 48. Kh3 Qf5+ 49. Kg2 Be7 
50. Rd5 Qc2+ 51. Kh3 Qc3 52. f4 h4 53. Qe5+ Qxe5 54. Rxe5 Kf8 55. Rd5 Ra8 
56. Rd7 f5 57. Bd5 Ra4 58. Rb7 hxg3 59. hxg3 Rb4 60. Rxb4 Bxb4 61. Kg2 Ke7 
62. Kf3 Bc5 63. g4 Kf6 64. g5+ Ke7 65. Ba2 Bg1 66. Bd5 Bc5 67. Ba2 Bg1 
68. Bb1 Kd6 69. Ba2 Ke7 1/2-1/2

[Event "Tuesday Night Round Robin Engine Tour 5m+1s Starts at 2200hrs ST"]
[Site "Infinity Chess"]
[Date "2018.1.23"]
[Round "5"]
[White "OlivierEvan"]
[Black "star99"]
[Result "1-0"]
[ECO "A50"]
[WhiteElo "2473"]
[BlackElo "2463"]
[WhiteEngine "Houdini 6"]
[BlackEngine "Cryptic AIL V2"]
[EventType "Round Robin"]
[WhiteTeam ""]
[BlackTeam ""]
[PlyCount "199"]
[TimeControl "300+1"]

1. d4 Nf6 2. c4 c6 3. Bf4 d5 4. e3 Bf5 5. Nf3 e6 6. Qb3 b6 7. Bd3 Bxd3 
8. Qxd3 Bd6 9. Nc3 Bxf4 10. exf4 dxc4 11. Qxc4 b5 12. Qe2 O-O 13. O-O Nbd7 
14. Rac1 Rc8 15. Ne5 Nb6 16. Rfd1 Nbd5 17. Nxd5 Nxd5 18. g3 Qd6 19. Rc5 Ne7 
20. h4 Rfd8 21. Kg2 a6 22. b4 Qc7 23. Qh5 g6 24. Qg5 Nd5 25. Nxc6 Qb7 
26. Kg1 Rd6 27. Na5 Qd7 28. Rdc1 Re8 29. a3 h5 30. Qe5 Kh7 31. Nc6 Ra8 
32. Qe2 Qe8 33. Qf3 Kg7 34. Ne5 Rad8 35. Qe4 Kf8 36. Nc6 R8d7 37. R1c2 Kg7 
38. Kh2 Nf6 39. Qe2 Qa8 40. Kg1 Nd5 41. Ne5 Rd8 42. Rc1 Qb7 43. Qe4 Qa8 
44. f3 Kf8 45. Nc6 Rc8 46. Na5 Rcd8 47. Qe5 f6 48. Qe4 Ne7 49. Nc6 Nxc6 
50. Qxg6 f5 51. d5 exd5 52. Qxf5+ Kg7 53. Kg2 Rf8 54. Qxh5 Rff6 55. Rxd5 Rxd5 
56. Qxd5 Qd8 57. Qxd8 Nxd8 58. Rc7+ Nf7 59. Kh3 Kg8 60. h5 Nh6 61. Rd7 Nf7 
62. Kh4 Kf8 63. Rd5 Kg7 64. Rd4 Rc6 65. g4 Rc4 66. Rd7 Kf6 67. Kg3 Rc3 
68. Rb7 Rc6 69. Ra7 Rd6 70. Kh4 Rd4 71. Rxa6+ Nd6 72. f5 Rd1 73. Rc6 Kg7 
74. Kg5 Nf7+ 75. Kf4 Rd4+ 76. Ke3 Rd7 77. Rb6 Nd6 78. Kf4 Nc4 79. Rxb5 Nxa3 
80. Rc5 Rb7 81. Kg5 Kg8 82. h6 Nb5 83. Kg6 Nd6 84. Rc6 Rd7 85. f6 Kh8 86. g5 Rd8 
87. Kh5 Nf7 88. Rc7 Nd6 89. g6 Ne8 90. Rf7 Nxf6+ 91. Rxf6 Rd5+ 92. Kh4 Rd8 
93. Rf7 Rd4+ 94. f4 Rd8 95. Kg5 Rd5+ 96. f5 Rd8 97. h7 Rg8 98. hxg8=Q+ Kxg8 
99. f6 Kh8 100. Rf8# 1-0

[Event "Tuesday Night Round Robin Engine Tour 5m+1s Starts at 2200hrs ST"]
[Site "Infinity Chess"]
[Date "2018.1.23"]
[Round "5"]
[White "MarioDeMonti"]
[Black "incredible"]
[Result "1/2-1/2"]
[ECO "C53"]
[WhiteElo "2477"]
[BlackElo "2478"]
[WhiteEngine "stockfish_x64_bmi2_2018_01_13_CTG"]
[BlackEngine "stockfish_18012314_x64_bmi2"]
[EventType "Round Robin"]
[WhiteTeam ""]
[BlackTeam ""]
[PlyCount "106"]
[TimeControl "300+1"]

1. e4 e5 2. Nf3 Nc6 3. Bc4 Bc5 4. c3 Nf6 5. d3 a6 6. O-O Ba7 7. Re1 d6 8. a4 Ng4 
9. Rf1 Nf6 10. b4 Qe7 11. Na3 h6 12. h3 O-O 13. Bd2 Be6 14. Qb3 Bxc4 
15. Qxc4 Qd7 16. Rad1 Ne7 17. Rfe1 Rfe8 18. a5 Ng6 19. Qb3 Re6 20. Be3 Bxe3 
21. fxe3 d5 22. exd5 Qxd5 23. c4 Qd7 24. Nb1 Qe7 25. Nc3 Rd8 26. c5 Qe8 
27. Qc4 Ne7 28. d4 e4 29. Ne5 Nfd5 30. Nxd5 Nxd5 31. Qb3 c6 32. Rf1 Rxe5 
33. dxe5 Qxe5 34. Rd4 f5 35. Rfd1 Rd7 36. Qa2 Kf7 37. Qe2 g5 38. Rxd5 cxd5 
39. c6 bxc6 40. Qxa6 Qc3 41. Qc8 Ke7 42. Kh1 f4 43. b5 Rd8 44. Qb7+ Rd7 
45. Qc8 Qb3 46. bxc6 Qxd1+ 47. Kh2 Rd8 48. Qc7+ Ke8 49. Qe5+ Kf7 50. Qf5+ Ke7 
51. Qe5+ Kf7 52. Qf5+ Ke7 53. Qe5+ Kf7 1/2-1/2

[Event "Tuesday Night Round Robin Engine Tour 5m+1s Starts at 2200hrs ST"]
[Site "Infinity Chess"]
[Date "2018.1.23"]
[Round "5"]
[White "Cepri"]
[Black "Dovahkiin"]
[Result "1/2-1/2"]
[ECO "D30"]
[WhiteElo "2468"]
[BlackElo "2452"]
[WhiteEngine "asmFishW_12J18Mb_CTG"]
[BlackEngine "BrainFish_180113_x64_modern_CTG"]
[EventType "Round Robin"]
[WhiteTeam ""]
[BlackTeam ""]
[PlyCount "115"]
[TimeControl "300+1"]

1. d4 d5 2. c4 e6 3. Nf3 Nf6 4. Nc3 c6 5. e3 Nbd7 6. Qc2 Bd6 7. Bd3 O-O 
8. O-O dxc4 9. Bxc4 a6 10. Rd1 b5 11. Bd3 Qc7 12. Bd2 c5 13. Ne4 c4 
14. Nxd6 Qxd6 15. Be2 Bb7 16. b3 Bd5 17. Be1 Rfc8 18. Qb2 Ne4 19. Rdc1 f6 
20. Ba5 f5 21. bxc4 Bxc4 22. Bd1 Bd5 23. Bb3 h6 24. h3 Kh7 25. Ne1 Bc4 
26. Bc2 Nb6 27. Nf3 Bd5 28. Ne5 Nc4 29. Nxc4 Bxc4 30. a4 Qe7 31. Be1 Rab8 
32. Bxe4 fxe4 33. axb5 Rxb5 34. Qc2 Qb7 35. Ra4 Rb2 36. Qc3 Rb3 37. Qa1 Bd3 
38. Rxc8 Qxc8 39. Rb4 Qc2 40. Rxb3 Qxb3 41. Bc3 Kg6 42. Kh2 Qb8+ 43. Kg1 Qb3 
44. Ba5 Qb1+ 45. Qxb1 Bxb1 46. Kh2 Bd3 47. Kg3 Kf5 48. f3 g5 49. Kf2 exf3 
50. gxf3 h5 51. e4+ Bxe4 52. fxe4+ Kxe4 53. Bc7 g4 54. hxg4 hxg4 55. Bd8 g3+ 
56. Kxg3 Kxd4 57. Kf4 a5 58. Bxa5 1/2-1/2